Hershey Bears vs Laval Rockets

Created - 25 octobre 2019 at 16:59

Goals
1 2 3 OT1 SO T
Hershey Bears 0 1 1 0 2 3
Laval Rockets 0 1 1 0 0 2
Shots
1 2 3 OT1 SO T
Hershey Bears 7 17 10 3 3 37
Laval Rockets 12 16 16 6 2 50

1st period

No Goal

Penalties :
Matt Donovan (BEA) for Tripping (Minor) at 5:23, Travis St. Denis (BEA) for Interference (Minor) at 13:26

2nd period

1. Laval Rockets , Jordan Weal 5 (Valeri Nichushkin 4, Henri Jokiharju 7) at 0:49
2. Hershey Bears , Travis St. Denis 1 (Nicolas Roy 1) at 11:21

Penalties :
Henri Jokiharju (BUL) for High sticking (Minor) at 11:38, Henri Jokiharju (BUL) for Hooking (Minor) at 15:54

3rd period

3. Laval Rockets , Valeri Nichushkin 3 (Henri Jokiharju 8, Radim Simek 3) at 7:04 (PP)
4. Hershey Bears , Brett Howden 4 (Colby Cave 6) at 14:19

Penalties :
Cory Conacher (BEA) for Holding (Minor) at 6:55, Travis St. Denis (BEA) for Roughing (Minor) at 18:34

Overtime #1

No Goal

Penalties :
No Penalty

Shootout

Hershey Bears, Colby Cave - Goal!
Laval Rockets, Casey Nelson - Stopped by Devin Williams
Hershey Bears, Brendan Gaunce - Shot Misses the Net
Laval Rockets, Tomas Nosek - Stopped by Devin Williams
Hershey Bears, Cory Conacher - Goal!

Penalties :
No Penalty

Goalie Stats

Devin Williams (BEA), 48 saves from 50 shots - (0,960), W, 1-2-0, 65:00 minutes
Parker Milner (BUL), 35 saves from 37 shots - (0,946), OTL, 4-1-1, 65:00 minutes

Players Stats for Hershey Bears

Player Name              G  A  P  +/- PIM S  H  SB GA TA FO     MP     PP MP  PK MP  
------------------------------------------------------------------------------------
Boo Nieves               0  0  0   0  0   4  0  0  2  0  5/17   16:49   0:02   0:00 
Brendan Gaunce           0  0  0   0  0   4  2  1  2  0  1/1    18:57   1:53   2:17 
Brett Howden             1  0  1   0  0   5  4  1  1  0  12/30  22:59   2:03   1:25 
Brett Pollock            0  0  0   1  0   2  0  0  0  0  0/0    10:16   0:00   0:00 
Colby Cave               0  1  1   0  0   3  4  1  2  0  1/3    22:25   2:03   3:00 
Colby Sissons            0  0  0   0  0   1  0  3  1  2  0/0    18:48   1:44   2:09 
Cory Conacher            0  0  0   0  2   6  1  0  2  0  1/2    19:33   2:03   0:36 
Dalton Prout             0  0  0   0  0   1  2  1  0  1  0/0    21:38   0:00   0:43 
Igor Ozhiganov           0  0  0   1  0   1  2  0  0  0  0/0    24:43   2:14   3:57 
Marian Studenic          0  0  0   0  0   0  0  0  1  0  1/1     9:58   0:02   0:51 
Matheson Iacopelli       0  0  0   0  0   0  1  2  0  0  0/0     8:09   0:00   0:00 
Matt Donovan             0  0  0   1  2   0  0  1  1  1  0/0    22:20   1:44   1:18 
Nick DeSimone            0  0  0   0  0   2  0  0  0  0  0/0    28:48   2:14   3:57 
Nicolas Roy              0  1  1   1  0   4  0  0  0  2  1/9    12:50   0:02   0:28 
Riley Stillman           0  0  0   0  0   1  2  1  0  0  0/0    13:43   0:00   0:08 
Ross Colton              0  0  0   0  0   0  2  0  1  0  5/8    11:10   0:00   3:01 
Teddy Blueger            0  0  0   0  0   2  4  1  2  0  1/2    18:52   1:53   0:00 
Travis St. Denis         1  0  1   1  4   1  1  0  0  0  0/0    11:52   1:53   0:00 

Players Stats for Laval Rockets

Player Name              G  A  P  +/- PIM S  H  SB GA TA FO     MP     PP MP  PK MP  
------------------------------------------------------------------------------------
Adam Brooks              0  0  0  -1  0   4  2  0  2  0  5/6    13:44   0:07   1:23 
Alexander Nylander       0  0  0   0  0   4  0  0  0  1  1/4    18:10   2:26   0:00 
Brendan Guhle            0  0  0   0  0   1  3  1  0  1  0/0    21:19   0:00   2:01 
Casey Nelson             0  0  0   0  0   0  5  0  0  1  0/0    23:42   1:35   1:39 
Chris Breen              0  0  0  -1  0   1  1  1  0  2  0/0    13:49   0:00   1:51 
Chris Butler             0  0  0   0  0   3  1  2  0  0  0/0    28:12   1:35   2:34 
David Ullstrom           0  0  0   0  0   2  1  0  0  2  6/10   19:19   2:41   0:57 
Giovanni Fiore           0  0  0   0  0   2  0  0  1  0  0/0     9:02   0:00   0:57 
Henri Jokiharju          0  2  2   0  4   0  4  2  0  1  0/0    28:41   3:57   0:00 
Jayce Hawryluk           0  0  0   0  0   3  5  0  0  1  1/3    16:36   2:35   0:00 
Jayden Halbgewachs       0  0  0  -1  0   5  0  1  1  1  1/1    10:46   0:00   0:00 
Jordan Weal              1  0  1   0  0   6  3  0  0  3  22/34  21:18   2:42   0:00 
Logan O'Connor           0  0  0  -1  0   2  1  0  0  1  0/0    10:55   0:02   0:00 
Radim Simek              0  1  1  -1  0   2  0  1  0  1  0/0    17:07   3:57   1:29 
Rasmus Asplund           0  0  0   0  0   2  1  0  0  0  0/0    11:25   0:34   1:10 
Ryan Fitzgerald          0  0  0   0  0   1  4  0  0  0  3/5     8:05   0:00   0:00 
Tomas Nosek              0  0  0   0  0   3  0  0  1  0  5/7    23:24   2:52   1:51 
Valeri Nichushkin        1  1  2   0  0   9  2  0  1  0  1/3    20:26   2:37   0:00 

3 Stars

1 - Devin Williams (BEA)
2 - Brett Howden (BEA)
3 - Valeri Nichushkin (BUL)

Power Play

Hershey Bears - 0 on 2 Attempt(s) - 0,00%
Laval Rockets - 1 on 4 Attempt(s) - 25,00%

Penalty Kill

Hershey Bears - 3 on 4 Attempt(s) - 75,00% - Score 0 goal in Penalty Kill
Laval Rockets - 2 on 2 Attempt(s) - 100,00% - Score 0 goal in Penalty Kill

Team Stat

Hershey Bears - Hits : 25 - Faceoff Wins : 28 - Blocked Shots : 12 - Penalty Minutes : 8
Laval Rockets - Hits : 33 - Faceoff Wins : 45 - Blocked Shots : 8 - Penalty Minutes : 4

Official

Referees : Rob Martell and Dennis LaRue
Linesman : Pierre Racicot and Derek Amell

Game Notes

No Game Note

Finance

Level 1 -- Attendance: 1274 (63,70%) -- Ticket Income 57 330 $
Level 2 -- Attendance: 497 (49,70%) -- Ticket Income 12 425 $
Total Attendance: 1771 (59,03%)
Total Ticket Income: 69 755 $
Other Income: 34 180 $
Total Income: 103 935 $

Hershey Bears

5 vs 5 Forward 
   Center                   Left Wing                Right Wing               Time % Phy DF OF 
 1 Brett Howden             Colby Cave               Teddy Blueger            40     1   2  2  
 2 Boo Nieves               Brendan Gaunce           Cory Conacher            30     1   2  2  
 3 Nicolas Roy              Brett Pollock            Travis St. Denis         20     1   2  2  
 4 Ross Colton              Matheson Iacopelli       Marian Studenic          10     1   2  2  

5 vs 5 Defense 
   Defense                  Defense                                           Time % Phy DF OF 
 1 Dalton Prout             Nick DeSimone                                     42     1   2  2  
 2 Igor Ozhiganov           Matt Donovan                                      33     1   2  2  
 3 Riley Stillman           Colby Sissons                                     25     1   2  2  
 4 Nick DeSimone            Igor Ozhiganov                                    0      1   2  2  

PowerPlay Forward 
   Center                   Left Wing                Right Wing               Time % Phy DF OF 
 1 Brett Howden             Colby Cave               Cory Conacher            60     1   2  2  
 2 Brendan Gaunce           Teddy Blueger            Travis St. Denis         40     1   2  2  

PowerPlay Defense
   Defense                  Defense                                           Time % Phy DF OF 
 1 Nick DeSimone            Igor Ozhiganov                                    60     1   2  2  
 2 Matt Donovan             Colby Sissons                                     40     1   2  2  

Penalty Kill 4 Players Forward 
   Center                   Wing                     Time % Phy DF OF 
 1 Ross Colton              Colby Cave               60     1   2  2  
 2 Brendan Gaunce           Brett Howden             40     1   2  2  

Penalty Kill 4 Players Defense
   Defense                  Defense                  Time % Phy DF OF 
 1 Nick DeSimone            Igor Ozhiganov           60     1   2  2  
 2 Matt Donovan             Colby Sissons            40     1   2  2  

Penalty Kill - 3 Players Forward 
   Forward                                           Time % Phy DF OF 
 1 Cory Conacher                                     60     1   2  2  
 2 Colby Cave                                        40     1   2  2  

Penalty Kill - 3 Players Defense
   Defense                  Defense                  Time % Phy DF OF 
 1 Nick DeSimone            Igor Ozhiganov           60     1   2  2  
 2 Matt Donovan             Colby Sissons            40     1   2  2  

4 vs 4 Forward 
   Center                   Wing                     Time % Phy DF OF 
 1 Brett Howden             Cory Conacher            60     1   2  2  
 2 Brendan Gaunce           Brett Howden             40     1   2  2  

4 vs 4 Defense
   Defense                  Defense                  Time % Phy DF OF 
 1 Nick DeSimone            Igor Ozhiganov           60     1   2  2  
 2 Matt Donovan             Colby Sissons            40     1   2  2  

Last Minutes Offensive
   Center                   Left Wing                Right Wing               Defense                  Defense                  
   Brett Howden             Colby Cave               Cory Conacher            Nick DeSimone            Igor Ozhiganov           

Last Minutes Defensive
   Center                   Left Wing                Right Wing               Defense                  Defense                  
   Boo Nieves               Colby Cave               Cory Conacher            Nick DeSimone            Igor Ozhiganov           

Goaltenders
Starting : Devin Williams           
Backup : Mike McKenna             

Extra Forwards
Normal : Nicolas Roy, Boo Nieves, Marian Studenic - PP : Nicolas Roy, Boo Nieves - PK : Marian Studenic
Extra Defensemen
Normal : Riley Stillman, Colby Sissons, Matt Donovan - PP : Riley Stillman - PK : Dalton Prout, Matt Donovan
Penalty Shots
Colby Cave, Brendan Gaunce, Cory Conacher, Nicolas Roy, Travis St. Denis

Scratches
Parker Wotherspoon (Healthy), Etienne Marcoux (Healthy)

Laval Rockets

5 vs 5 Forward 
   Center                   Left Wing                Right Wing               Time % Phy DF OF 
 1 Jordan Weal              Tomas Nosek              Valeri Nichushkin        40     0   2  3  
 2 David Ullstrom           Alexander Nylander       Jayce Hawryluk           30     0   2  3  
 3 Adam Brooks              Jayden Halbgewachs       Logan O'Connor           20     0   2  3  
 4 Ryan Fitzgerald          Rasmus Asplund           Giovanni Fiore           10     0   2  3  

5 vs 5 Defense 
   Defense                  Defense                                           Time % Phy DF OF 
 1 Henri Jokiharju          Chris Butler                                      40     1   2  2  
 2 Brendan Guhle            Casey Nelson                                      30     1   2  2  
 3 Radim Simek              Chris Breen                                       20     1   2  2  
 4 Chris Butler             Henri Jokiharju                                   10     1   2  2  

PowerPlay Forward 
   Center                   Left Wing                Right Wing               Time % Phy DF OF 
 1 Jordan Weal              Alexander Nylander       Valeri Nichushkin        60     0   1  4  
 2 David Ullstrom           Tomas Nosek              Jayce Hawryluk           40     0   1  4  

PowerPlay Defense
   Defense                  Defense                                           Time % Phy DF OF 
 1 Henri Jokiharju          Radim Simek                                       60     0   2  3  
 2 Casey Nelson             Chris Butler                                      40     0   2  3  

Penalty Kill 4 Players Forward 
   Center                   Wing                     Time % Phy DF OF 
 1 Tomas Nosek              Casey Nelson             60     0   4  1  
 2 David Ullstrom           Giovanni Fiore           40     0   4  1  

Penalty Kill 4 Players Defense
   Defense                  Defense                  Time % Phy DF OF 
 1 Henri Jokiharju          Chris Butler             60     0   4  1  
 2 Radim Simek              Brendan Guhle            40     0   4  1  

Penalty Kill - 3 Players Forward 
   Forward                                           Time % Phy DF OF 
 1 Tomas Nosek                                       60     0   4  1  
 2 Casey Nelson                                      40     0   4  1  

Penalty Kill - 3 Players Defense
   Defense                  Defense                  Time % Phy DF OF 
 1 Henri Jokiharju          Chris Butler             60     0   5  0  
 2 Chris Breen              Brendan Guhle            40     0   5  0  

4 vs 4 Forward 
   Center                   Wing                     Time % Phy DF OF 
 1 Tomas Nosek              Jordan Weal              60     1   2  2  
 2 Alexander Nylander       Valeri Nichushkin        40     1   2  2  

4 vs 4 Defense
   Defense                  Defense                  Time % Phy DF OF 
 1 Henri Jokiharju          Chris Butler             60     1   2  2  
 2 Casey Nelson             Brendan Guhle            40     1   2  2  

Last Minutes Offensive
   Center                   Left Wing                Right Wing               Defense                  Defense                  
   Jordan Weal              Alexander Nylander       Jayce Hawryluk           Henri Jokiharju          Chris Butler             

Last Minutes Defensive
   Center                   Left Wing                Right Wing               Defense                  Defense                  
   Casey Nelson             Tomas Nosek              Jordan Weal              Henri Jokiharju          Chris Butler             

Goaltenders
Starting : Parker Milner            
Backup : Landon Bow               

Extra Forwards
Normal : Rasmus Asplund, David Ullstrom, Adam Brooks - PP : Rasmus Asplund, David Ullstrom - PK : Adam Brooks
Extra Defensemen
Normal : Radim Simek, Chris Breen, Brendan Guhle - PP : Radim Simek - PK : Chris Breen, Brendan Guhle
Penalty Shots
Casey Nelson, Tomas Nosek, Jordan Weal, Alexander Nylander, Valeri Nichushkin

Scratches
Tomas Hyka (Healthy), Kyle Criscuolo (Healthy), Tim Erixon (Healthy), Antoine Waked (Healthy), Alexandre Grenier (Healthy)
Simon Benoit (Healthy), Michael Pezzetta (Healthy), Chaz Reddekopp (Healthy), Tyler Lewington (Healthy), Adam Ollas Mattsson (Healthy)
Andrew Sturtz (Healthy), Chad Johnson (Healthy)

% Time on Ice - Hershey Bears

Lines # - Real PCT - Wanted PCT - Time Play
Normal Forward
1 - 34% - 40% - 17:20
2 - 29% - 30% - 14:45
3 - 20% - 20% - 10:16
4 - 16% - 10% - 8:09
Normal Defense
1 - 43% - 42% - 21:48
2 - 33% - 33% - 16:37
3 - 24% - 25% - 11:59
4 - 0% - 0% - 0:06
PP Forward
1 - 53% - 60% - 2:05
2 - 47% - 40% - 1:53
PP Defense
1 - 56% - 60% - 2:14
2 - 44% - 40% - 1:44
PK Forward
1 - 74% - 60% - 4:07
2 - 26% - 40% - 1:25
PK Defense
1 - 61% - 60% - 3:23
2 - 39% - 40% - 2:09
PK3 Forward
1 - 100% - 60% - 0:34
2 - 0% - 40% - 0:00
PK3 Defense
1 - 100% - 60% - 0:34
2 - 0% - 40% - 0:00
44 Forward
1 - 100% - 60% - 4:26
2 - 0% - 40% - 0:00
44 Defense
1 - 47% - 60% - 2:05
2 - 53% - 40% - 2:21
Last Minute Offensive  - 0:00
Last Minute Defensive  - 0:00
Total
Forward - 65:00
Defense - 65:00

% Time on Ice - Laval Rockets

Lines # - Real PCT - Wanted PCT - Time Play
Normal Forward
1 - 35% - 40% - 17:31
2 - 28% - 30% - 14:08
3 - 21% - 20% - 10:46
4 - 16% - 10% - 8:05
Normal Defense
1 - 41% - 40% - 20:41
2 - 32% - 30% - 16:13
3 - 21% - 20% - 10:23
4 - 6% - 10% - 3:13
PP Forward
1 - 50% - 60% - 2:46
2 - 50% - 40% - 2:46
PP Defense
1 - 71% - 60% - 3:57
2 - 29% - 40% - 1:35
PK Forward
1 - 76% - 60% - 3:01
2 - 24% - 40% - 0:57
PK Defense
1 - 71% - 60% - 2:48
2 - 29% - 40% - 1:10
PK3 Forward
1 - 0% - 60%
2 - 0% - 40%
PK3 Defense
1 - 0% - 60%
2 - 0% - 40%
44 Forward
1 - 66% - 60% - 3:17
2 - 34% - 40% - 1:43
44 Defense
1 - 43% - 60% - 2:10
2 - 57% - 40% - 2:50
Last Minute Offensive  - 0:00
Last Minute Defensive  - 0:00
Total
Forward - 65:00
Defense - 65:00

Play-by-Play

1st period


0:01 of 1st period - Jordan Weal wins face-off versus Brett Howden in neutral zone.
0:47 of 1st period - Snap shot by Jordan Weal.
0:47 of 1st period - Shot Misses the Net.
0:49 of 1st period - Snap shot by Valeri Nichushkin.
0:49 of 1st period - Stopped by Devin Williams without a rebound.
0:50 of 1st period - Brendan Gaunce wins face-off versus David Ullstrom in Hershey Bears zone.
1:03 of 1st period - Wrist shot by Boo Nieves.
1:03 of 1st period - Shot Blocked by Radim Simek.
1:05 of 1st period - Snap shot by Brendan Gaunce.
1:05 of 1st period - Shot Misses the Net.
1:15 of 1st period - Igor Ozhiganov is hit by Adam Brooks and loses puck.
1:20 of 1st period - Snap shot by Logan O'Connor.
1:20 of 1st period - Stopped by Devin Williams without a rebound.
1:21 of 1st period - Adam Brooks wins face-off versus Ross Colton in Hershey Bears zone.
1:25 of 1st period - Icing by Riley Stillman.
1:26 of 1st period - Ross Colton wins face-off versus Ryan Fitzgerald in Hershey Bears zone.
1:26 of 1st period - Ross Colton is hit by Henri Jokiharju.
1:34 of 1st period - Slapshot by Ross Colton.
1:34 of 1st period - Shot Blocked by Chris Butler.
1:36 of 1st period - Wrist shot by Ross Colton.
1:36 of 1st period - Shot Misses the Net.
1:38 of 1st period - Slapshot by Colby Sissons.
1:38 of 1st period - Stopped by Parker Milner with a rebound.
1:54 of 1st period - Colby Cave is hit by Jayce Hawryluk and loses puck.
2:04 of 1st period - Icing by Jayce Hawryluk.
2:05 of 1st period - David Ullstrom wins face-off versus Boo Nieves in Laval Rockets zone.
2:29 of 1st period - Off-side.
2:30 of 1st period - Adam Brooks wins face-off versus Brett Howden in neutral zone.
2:45 of 1st period - Slapshot by Jayden Halbgewachs.
2:45 of 1st period - Stopped by Devin Williams with a rebound.
2:53 of 1st period - Logan O'Connor is hit by Brett Howden and loses puck.
3:06 of 1st period - Snap shot by Teddy Blueger.
3:06 of 1st period - Stopped by Parker Milner without a rebound.
3:07 of 1st period - Jordan Weal wins face-off versus Boo Nieves in Laval Rockets zone.
3:12 of 1st period - Snap shot by Tomas Nosek.
3:12 of 1st period - Stopped by Devin Williams without a rebound.
3:13 of 1st period - Jordan Weal wins face-off versus Boo Nieves in Hershey Bears zone.
5:04 of 1st period - Wrist shot by Rasmus Asplund.
5:04 of 1st period - Shot Misses the Net.
5:06 of 1st period - Slapshot by Radim Simek.
5:06 of 1st period - Stopped by Devin Williams with a rebound.
5:08 of 1st period - Slapshot by Radim Simek.
5:08 of 1st period - Shot Misses the Net.
5:23 of 1st period - Minor Penalty to Matt Donovan for Tripping.
5:24 of 1st period - Ross Colton wins face-off versus Valeri Nichushkin in Hershey Bears zone.
6:20 of 1st period - Colby Cave is hit by Casey Nelson and loses puck.
7:23 of 1st period - Penalty to Matt Donovan is over, Matt Donovan is back on ice.
7:36 of 1st period - Wrist shot by Adam Brooks.
7:36 of 1st period - Stopped by Devin Williams without a rebound.
7:37 of 1st period - Adam Brooks wins face-off versus Nicolas Roy in Hershey Bears zone.
7:50 of 1st period - Logan O'Connor is hit by Igor Ozhiganov and loses puck.
8:06 of 1st period - Snap shot by Logan O'Connor.
8:06 of 1st period - Shot Blocked by Matt Donovan.
8:08 of 1st period - Wrist shot by Jayden Halbgewachs.
8:08 of 1st period - Shot Misses the Net.
8:10 of 1st period - Wrist shot by Logan O'Connor.
8:10 of 1st period - Shot Blocked by Brendan Gaunce.
8:12 of 1st period - Slapshot by Radim Simek.
8:12 of 1st period - Stopped by Devin Williams without a rebound.
8:13 of 1st period - Jordan Weal wins face-off versus Brett Howden in Hershey Bears zone.
8:14 of 1st period - Slapshot by Tomas Nosek.
8:14 of 1st period - Shot Blocked by Brett Howden.
8:26 of 1st period - Snap shot by Teddy Blueger.
8:26 of 1st period - Stopped by Parker Milner with a rebound.
8:55 of 1st period - Brett Howden is hit by Ryan Fitzgerald and loses puck.
9:10 of 1st period - Snap shot by David Ullstrom.
9:10 of 1st period - Stopped by Devin Williams with a rebound.
9:12 of 1st period - Slapshot by Henri Jokiharju.
9:12 of 1st period - Shot Misses the Net.
9:14 of 1st period - Slapshot by Chris Butler.
9:14 of 1st period - Shot Misses the Net.
9:16 of 1st period - Slapshot by David Ullstrom.
9:16 of 1st period - Stopped by Devin Williams with a rebound.
10:08 of 1st period - Snap shot by Nicolas Roy.
10:08 of 1st period - Stopped by Parker Milner without a rebound.
10:09 of 1st period - Ryan Fitzgerald wins face-off versus Nicolas Roy in Laval Rockets zone.
10:54 of 1st period - Snap shot by Jayden Halbgewachs.
10:54 of 1st period - Stopped by Devin Williams with a rebound.
11:02 of 1st period - Snap shot by Jayden Halbgewachs.
11:02 of 1st period - Deflect By Adam Brooks.
11:02 of 1st period - Shot Misses the Net.
11:02 of 1st period - Puck is out of play.
11:03 of 1st period - Brett Howden wins face-off versus Jordan Weal in Hershey Bears zone.
11:35 of 1st period - Henri Jokiharju is hit by Brendan Gaunce and loses puck.
11:56 of 1st period - Wrist shot by Jayce Hawryluk.
11:56 of 1st period - Stopped by Devin Williams with a rebound.
12:00 of 1st period - Snap shot by Alexander Nylander.
12:00 of 1st period - Stopped by Devin Williams without a rebound.
12:01 of 1st period - Brett Howden wins face-off versus Jayce Hawryluk in Hershey Bears zone.
12:01 of 1st period - Brett Howden is hit by Jayce Hawryluk.
12:07 of 1st period - Jayce Hawryluk is hit by Teddy Blueger and loses puck.
12:12 of 1st period - Snap shot by Brett Howden.
12:12 of 1st period - Stopped by Parker Milner without a rebound.
12:13 of 1st period - Jordan Weal wins face-off versus Brett Howden in Laval Rockets zone.
12:42 of 1st period - Snap shot by Cory Conacher.
12:42 of 1st period - Stopped by Parker Milner with a rebound.
12:44 of 1st period - Slapshot by Boo Nieves.
12:44 of 1st period - Deflect By Brendan Gaunce.
12:44 of 1st period - Stopped by Parker Milner without a rebound.
12:45 of 1st period - David Ullstrom wins face-off versus Boo Nieves in Laval Rockets zone.
12:55 of 1st period - Backhand shot by Brendan Gaunce.
12:55 of 1st period - Shot Misses the Net.
13:26 of 1st period - Minor Penalty to Travis St. Denis for Interference.
13:27 of 1st period - Colby Cave wins face-off versus Jordan Weal in Hershey Bears zone.
13:31 of 1st period - Wrist shot by Valeri Nichushkin.
13:31 of 1st period - Shot Misses the Net.
14:36 of 1st period - Radim Simek is hit by Brendan Gaunce and loses puck.
15:26 of 1st period - Penalty to Travis St. Denis is over, Travis St. Denis is back on ice.
15:46 of 1st period - Rasmus Asplund is hit by Riley Stillman and loses puck.
16:16 of 1st period - Dalton Prout is hit by Casey Nelson and loses puck.
16:51 of 1st period - Chris Butler is hit by Brett Howden and loses puck.
17:35 of 1st period - Casey Nelson is hit by Ross Colton and loses puck.
18:23 of 1st period - Igor Ozhiganov is hit by Chris Breen and loses puck.
18:42 of 1st period - Chris Breen is hit by Colby Cave.
18:51 of 1st period - Colby Cave is hit by David Ullstrom and loses puck.
19:02 of 1st period - Rasmus Asplund is hit by Dalton Prout and loses puck.
19:25 of 1st period - Logan O'Connor is hit by Ross Colton.
19:29 of 1st period - Adam Brooks is hit by Riley Stillman.
19:50 of 1st period - Matt Donovan is hit by Ryan Fitzgerald and loses puck.
Goals for this period are 0 for Hershey Bears vs 0 for Laval Rockets.
Shots for this period are 7 for Hershey Bears vs 12 for Laval Rockets.

2nd period


0:01 of 2nd period - Brett Howden wins face-off versus Jordan Weal in neutral zone.
0:41 of 2nd period - Slapshot by Jordan Weal.
0:41 of 2nd period - Stopped by Devin Williams with a rebound.
0:43 of 2nd period - Backhand shot by Jordan Weal.
0:43 of 2nd period - Stopped by Devin Williams with a rebound.
0:45 of 2nd period - Snap shot by Henri Jokiharju.
0:45 of 2nd period - Shot Blocked by Colby Cave.
0:47 of 2nd period - Wrist shot by Valeri Nichushkin.
0:47 of 2nd period - Stopped by Devin Williams with a rebound.
0:49 of 2nd period - Snap shot by Jordan Weal.
0:49 of 2nd period - Goal by Jordan Weal - Hershey Bears : 0 - Laval Rockets : 1.
0:50 of 2nd period - David Ullstrom wins face-off versus Boo Nieves in neutral zone.
0:53 of 2nd period - Snap shot by Jayce Hawryluk.
0:53 of 2nd period - Stopped by Devin Williams without a rebound.
0:54 of 2nd period - Cory Conacher wins face-off versus Jayce Hawryluk in Hershey Bears zone.
0:54 of 2nd period - Cory Conacher is hit by Jayce Hawryluk.
1:25 of 2nd period - Snap shot by Brett Howden.
1:25 of 2nd period - Stopped by Parker Milner with a rebound.
1:27 of 2nd period - Slapshot by Colby Cave.
1:27 of 2nd period - Deflect By Brett Howden.
1:27 of 2nd period - Deflect By Tomas Nosek.
1:27 of 2nd period - Shot Misses the Net.
1:27 of 2nd period - Puck is out of play.
1:28 of 2nd period - Jordan Weal wins face-off versus Brett Howden in Laval Rockets zone.
2:13 of 2nd period - Wrist shot by Nicolas Roy.
2:13 of 2nd period - Stopped by Parker Milner with a rebound.
2:15 of 2nd period - Backhand shot by Nick DeSimone.
2:15 of 2nd period - Deflect By Nicolas Roy.
2:15 of 2nd period - Shot Blocked by Brendan Guhle.
2:15 of 2nd period - Puck is out of play.
2:16 of 2nd period - Adam Brooks wins face-off versus Nicolas Roy in Laval Rockets zone.
2:26 of 2nd period - Slapshot by Igor Ozhiganov.
2:26 of 2nd period - Shot Blocked by Chris Butler.
2:28 of 2nd period - Wrist shot by Nicolas Roy.
2:28 of 2nd period - Stopped by Parker Milner with a rebound.
2:30 of 2nd period - Snap shot by Brett Pollock.
2:30 of 2nd period - Stopped by Parker Milner with a rebound.
2:42 of 2nd period - Igor Ozhiganov is hit by Jordan Weal and loses puck.
3:27 of 2nd period - Icing by Rasmus Asplund.
3:28 of 2nd period - Ryan Fitzgerald wins face-off versus Ross Colton in Laval Rockets zone.
3:28 of 2nd period - Ryan Fitzgerald is hit by Matheson Iacopelli.
3:44 of 2nd period - Snap shot by Rasmus Asplund.
3:44 of 2nd period - Stopped by Devin Williams without a rebound.
3:45 of 2nd period - Jordan Weal wins face-off versus Brett Howden in Hershey Bears zone.
3:46 of 2nd period - Wrist shot by Valeri Nichushkin.
3:46 of 2nd period - Stopped by Devin Williams without a rebound.
3:47 of 2nd period - Brett Howden wins face-off versus Jordan Weal in Hershey Bears zone.
4:02 of 2nd period - Snap shot by Jordan Weal.
4:02 of 2nd period - Shot Blocked by Teddy Blueger.
4:18 of 2nd period - Snap shot by Boo Nieves.
4:18 of 2nd period - Stopped by Parker Milner with a rebound.
4:20 of 2nd period - Wrist shot by Cory Conacher.
4:20 of 2nd period - Deflect By Brendan Gaunce.
4:20 of 2nd period - Stopped by Parker Milner with a rebound.
4:22 of 2nd period - Wrist shot by Boo Nieves.
4:22 of 2nd period - Deflect By Chris Breen.
4:22 of 2nd period - Stopped by Parker Milner without a rebound.
4:23 of 2nd period - Boo Nieves wins face-off versus Jordan Weal in Laval Rockets zone.
4:24 of 2nd period - Snap shot by Brendan Gaunce.
4:24 of 2nd period - Stopped by Parker Milner with a rebound.
4:32 of 2nd period - Cory Conacher is hit by Valeri Nichushkin and loses puck.
4:49 of 2nd period - Matt Donovan is hit by Jayce Hawryluk and loses puck.
6:03 of 2nd period - Teddy Blueger is hit by Ryan Fitzgerald and loses puck.
6:16 of 2nd period - Snap shot by Ryan Fitzgerald.
6:16 of 2nd period - Deflect By Rasmus Asplund.
6:16 of 2nd period - Stopped by Devin Williams without a rebound.
6:17 of 2nd period - Jordan Weal wins face-off versus Boo Nieves in Hershey Bears zone.
6:28 of 2nd period - Snap shot by Valeri Nichushkin.
6:28 of 2nd period - Shot Misses the Net.
6:30 of 2nd period - Slapshot by Chris Butler.
6:30 of 2nd period - Stopped by Devin Williams with a rebound.
6:42 of 2nd period - Nick DeSimone is hit by Henri Jokiharju and loses puck.
6:51 of 2nd period - Wrist shot by Cory Conacher.
6:51 of 2nd period - Stopped by Parker Milner with a rebound.
6:53 of 2nd period - Snap shot by Brendan Gaunce.
6:53 of 2nd period - Shot Misses the Net.
6:55 of 2nd period - Slapshot by Brendan Gaunce.
6:55 of 2nd period - Shot Misses the Net.
6:59 of 2nd period - Snap shot by Cory Conacher.
6:59 of 2nd period - Shot Misses the Net.
7:01 of 2nd period - Snap shot by Boo Nieves.
7:01 of 2nd period - Shot Misses the Net.
7:03 of 2nd period - Snap shot by Cory Conacher.
7:03 of 2nd period - Stopped by Parker Milner with a rebound.
7:05 of 2nd period - Slapshot by Dalton Prout.
7:05 of 2nd period - Shot Misses the Net.
7:07 of 2nd period - Slapshot by Dalton Prout.
7:07 of 2nd period - Deflect By Cory Conacher.
7:07 of 2nd period - Shot Blocked by Henri Jokiharju.
7:07 of 2nd period - Puck is out of play.
7:08 of 2nd period - Jordan Weal wins face-off versus Nicolas Roy in Laval Rockets zone.
7:39 of 2nd period - Wrist shot by Jayce Hawryluk.
7:39 of 2nd period - Shot Blocked by Colby Sissons.
10:10 of 2nd period - Wrist shot by Jayden Halbgewachs.
10:10 of 2nd period - Shot Blocked by Matheson Iacopelli.
10:12 of 2nd period - Slapshot by Chris Butler.
10:12 of 2nd period - Deflect By Marian Studenic.
10:12 of 2nd period - Stopped by Devin Williams with a rebound.
10:14 of 2nd period - Slapshot by Jayden Halbgewachs.
10:14 of 2nd period - Shot Misses the Net.
10:26 of 2nd period - Snap shot by Cory Conacher.
10:26 of 2nd period - Deflect By Brendan Gaunce.
10:26 of 2nd period - Stopped by Parker Milner with a rebound.
10:32 of 2nd period - Snap shot by Cory Conacher.
10:32 of 2nd period - Shot Misses the Net.
10:48 of 2nd period - Backhand shot by Jordan Weal.
10:48 of 2nd period - Stopped by Devin Williams with a rebound.
11:21 of 2nd period - Wrist shot by Travis St. Denis.
11:21 of 2nd period - Goal by Travis St. Denis - Hershey Bears : 1 - Laval Rockets : 1.
11:22 of 2nd period - Jordan Weal wins face-off versus Brett Howden in neutral zone.
11:33 of 2nd period - Snap shot by Brett Howden.
11:33 of 2nd period - Shot Blocked by Henri Jokiharju.
11:35 of 2nd period - Slapshot by Nick DeSimone.
11:35 of 2nd period - Stopped by Parker Milner without a rebound.
11:36 of 2nd period - Jordan Weal wins face-off versus Boo Nieves in Laval Rockets zone.
11:38 of 2nd period - Minor Penalty to Henri Jokiharju for High sticking.
11:39 of 2nd period - Brett Howden wins face-off versus Tomas Nosek in Laval Rockets zone.
11:51 of 2nd period - Chris Butler is hit by Colby Cave and loses puck.
13:38 of 2nd period - Penalty to Henri Jokiharju is over, Henri Jokiharju is back on ice.
15:02 of 2nd period - Snap shot by Adam Brooks.
15:02 of 2nd period - Stopped by Devin Williams without a rebound.
15:03 of 2nd period - Brett Howden wins face-off versus Jordan Weal in Hershey Bears zone.
15:08 of 2nd period - Slapshot by Colby Cave.
15:08 of 2nd period - Stopped by Parker Milner with a rebound.
15:10 of 2nd period - Slapshot by Dalton Prout.
15:10 of 2nd period - Stopped by Parker Milner without a rebound.
15:11 of 2nd period - Brett Howden wins face-off versus Jordan Weal in Laval Rockets zone.
15:24 of 2nd period - Snap shot by Jordan Weal.
15:24 of 2nd period - Stopped by Devin Williams without a rebound.
15:25 of 2nd period - Boo Nieves wins face-off versus Jordan Weal in Hershey Bears zone.
15:38 of 2nd period - Snap shot by Cory Conacher.
15:38 of 2nd period - Stopped by Parker Milner without a rebound.
15:39 of 2nd period - Jordan Weal wins face-off versus Brett Howden in Laval Rockets zone.
15:44 of 2nd period - Teddy Blueger is hit by Jordan Weal and loses puck.
15:54 of 2nd period - Minor Penalty to Henri Jokiharju for Hooking.
15:55 of 2nd period - Tomas Nosek wins face-off versus Brett Howden in Laval Rockets zone.
16:11 of 2nd period - Slapshot by Colby Cave.
16:11 of 2nd period - Shot Blocked by Chris Breen.
17:22 of 2nd period - Nick DeSimone is hit by Rasmus Asplund and loses puck.
17:54 of 2nd period - Penalty to Henri Jokiharju is over, Henri Jokiharju is back on ice.
18:22 of 2nd period - Snap shot by Nicolas Roy.
18:22 of 2nd period - Stopped by Parker Milner without a rebound.
18:23 of 2nd period - Jordan Weal wins face-off versus Nicolas Roy in Laval Rockets zone.
18:48 of 2nd period - Dalton Prout is hit by Chris Butler and loses puck.
18:57 of 2nd period - Igor Ozhiganov is hit by Logan O'Connor.
19:29 of 2nd period - Slapshot by Henri Jokiharju.
19:29 of 2nd period - Deflect By Ryan Fitzgerald.
19:29 of 2nd period - Stopped by Devin Williams without a rebound.
19:30 of 2nd period - Ryan Fitzgerald wins face-off versus Boo Nieves in Hershey Bears zone.
19:31 of 2nd period - Slapshot by Giovanni Fiore.
19:31 of 2nd period - Stopped by Devin Williams with a rebound.
19:39 of 2nd period - Snap shot by Giovanni Fiore.
19:39 of 2nd period - Stopped by Devin Williams with a rebound.
Goals for this period are 1 for Hershey Bears vs 1 for Laval Rockets.
Shots for this period are 17 for Hershey Bears vs 16 for Laval Rockets.

3rd period


0:01 of 3rd period - Brett Howden wins face-off versus Jordan Weal in neutral zone.
0:26 of 3rd period - Dalton Prout is hit by Brendan Guhle and loses puck.
0:44 of 3rd period - Nick DeSimone is hit by Henri Jokiharju and loses puck.
0:47 of 3rd period - Wrist shot by Brett Pollock.
0:47 of 3rd period - Stopped by Parker Milner without a rebound.
0:48 of 3rd period - Nicolas Roy wins face-off versus Adam Brooks in Laval Rockets zone.
0:59 of 3rd period - Snap shot by Travis St. Denis.
0:59 of 3rd period - Deflect By Nicolas Roy.
0:59 of 3rd period - Shot Blocked by Jayden Halbgewachs.
0:59 of 3rd period - Puck is out of play.
1:00 of 3rd period - Jordan Weal wins face-off versus Teddy Blueger in Laval Rockets zone.
1:00 of 3rd period - Jordan Weal is hit by Brett Howden.
1:08 of 3rd period - Slapshot by Chris Butler.
1:08 of 3rd period - Deflect By Valeri Nichushkin.
1:08 of 3rd period - Stopped by Devin Williams with a rebound.
1:10 of 3rd period - Slapshot by Chris Butler.
1:10 of 3rd period - Shot Blocked by Riley Stillman.
1:12 of 3rd period - Slapshot by Jordan Weal.
1:12 of 3rd period - Shot Misses the Net.
1:14 of 3rd period - Slapshot by Chris Butler.
1:14 of 3rd period - Shot Blocked by Colby Sissons.
1:16 of 3rd period - Snap shot by Tomas Nosek.
1:16 of 3rd period - Shot Blocked by Colby Sissons.
1:31 of 3rd period - Wrist shot by Boo Nieves.
1:31 of 3rd period - Stopped by Parker Milner without a rebound.
1:32 of 3rd period - David Ullstrom wins face-off versus Boo Nieves in Laval Rockets zone.
1:32 of 3rd period - David Ullstrom is hit by Cory Conacher.
1:47 of 3rd period - Off-side.
1:48 of 3rd period - Jordan Weal wins face-off versus Brett Howden in neutral zone.
2:17 of 3rd period - Wrist shot by Cory Conacher.
2:17 of 3rd period - Shot Misses the Net.
2:35 of 3rd period - Snap shot by Adam Brooks.
2:35 of 3rd period - Stopped by Devin Williams with a rebound.
2:37 of 3rd period - Backhand shot by Logan O'Connor.
2:37 of 3rd period - Stopped by Devin Williams with a rebound.
2:39 of 3rd period - Slapshot by Jayden Halbgewachs.
2:39 of 3rd period - Stopped by Devin Williams without a rebound.
2:40 of 3rd period - Jordan Weal wins face-off versus Colby Cave in Hershey Bears zone.
3:53 of 3rd period - Snap shot by Igor Ozhiganov.
3:53 of 3rd period - Stopped by Parker Milner without a rebound.
3:54 of 3rd period - Ross Colton wins face-off versus Ryan Fitzgerald in Laval Rockets zone.
4:28 of 3rd period - Wrist shot by Brett Howden.
4:28 of 3rd period - Shot Misses the Net.
4:30 of 3rd period - Snap shot by Brett Howden.
4:30 of 3rd period - Shot Misses the Net.
4:32 of 3rd period - Snap shot by Brett Howden.
4:32 of 3rd period - Stopped by Parker Milner with a rebound.
5:08 of 3rd period - Slapshot by Henri Jokiharju.
5:08 of 3rd period - Deflect By Logan O'Connor.
5:08 of 3rd period - Shot Misses the Net.
5:08 of 3rd period - Puck is out of play.
5:09 of 3rd period - Jordan Weal wins face-off versus Nicolas Roy in Hershey Bears zone.
5:44 of 3rd period - Icing by Alexander Nylander.
5:45 of 3rd period - Brett Howden wins face-off versus David Ullstrom in Laval Rockets zone.
5:50 of 3rd period - Wrist shot by Brett Howden.
5:50 of 3rd period - Stopped by Parker Milner without a rebound.
5:51 of 3rd period - Jordan Weal wins face-off versus Brett Howden in Laval Rockets zone.
5:56 of 3rd period - Brett Howden is hit by Casey Nelson and loses puck.
6:07 of 3rd period - Snap shot by Valeri Nichushkin.
6:07 of 3rd period - Deflect By Brett Howden.
6:07 of 3rd period - Stopped by Devin Williams without a rebound.
6:08 of 3rd period - Boo Nieves wins face-off versus Alexander Nylander in Hershey Bears zone.
6:08 of 3rd period - Boo Nieves is hit by Henri Jokiharju.
6:16 of 3rd period - Snap shot by Jayce Hawryluk.
6:16 of 3rd period - Stopped by Devin Williams without a rebound.
6:17 of 3rd period - Boo Nieves wins face-off versus Alexander Nylander in Hershey Bears zone.
6:32 of 3rd period - Snap shot by Cory Conacher.
6:32 of 3rd period - Stopped by Parker Milner with a rebound.
6:55 of 3rd period - Minor Penalty to Cory Conacher for Holding.
6:56 of 3rd period - Ross Colton wins face-off versus Jordan Weal in Hershey Bears zone.
7:04 of 3rd period - Slapshot by Henri Jokiharju.
7:04 of 3rd period - Deflect By Valeri Nichushkin.
7:04 of 3rd period - Goal by Valeri Nichushkin - Hershey Bears : 1 - Laval Rockets : 2.
7:05 of 3rd period - Brett Howden wins face-off versus Jordan Weal in neutral zone.
7:08 of 3rd period - Henri Jokiharju is hit by Teddy Blueger and loses puck.
7:31 of 3rd period - Chris Butler is hit by Dalton Prout.
7:51 of 3rd period - Brendan Guhle is hit by Travis St. Denis and loses puck.
7:58 of 3rd period - Nick DeSimone is hit by Casey Nelson and loses puck.
8:11 of 3rd period - Backhand shot by Travis St. Denis.
8:11 of 3rd period - Shot Misses the Net.
8:21 of 3rd period - Slapshot by Ryan Fitzgerald.
8:21 of 3rd period - Shot Blocked by Matheson Iacopelli.
8:31 of 3rd period - Marian Studenic is hit by Jordan Weal and loses puck.
8:58 of 3rd period - Brett Howden is hit by Brendan Guhle and loses puck.
9:13 of 3rd period - Wrist shot by Logan O'Connor.
9:13 of 3rd period - Shot Misses the Net.
9:15 of 3rd period - Wrist shot by Adam Brooks.
9:15 of 3rd period - Shot Misses the Net.
9:39 of 3rd period - Travis St. Denis is hit by Ryan Fitzgerald and loses puck.
9:52 of 3rd period - Valeri Nichushkin is hit by Colby Cave and loses puck.
10:21 of 3rd period - Igor Ozhiganov is hit by Casey Nelson and loses puck.
10:42 of 3rd period - Tomas Nosek is hit by Colby Cave and loses puck.
11:00 of 3rd period - Slapshot by Riley Stillman.
11:00 of 3rd period - Stopped by Parker Milner with a rebound.
11:14 of 3rd period - Colby Sissons is hit by Jayce Hawryluk and loses puck.
11:43 of 3rd period - Wrist shot by Tomas Nosek.
11:43 of 3rd period - Stopped by Devin Williams without a rebound.
11:44 of 3rd period - Jordan Weal wins face-off versus Brett Howden in Hershey Bears zone.
12:42 of 3rd period - Snap shot by Marian Studenic.
12:42 of 3rd period - Shot Misses the Net.
12:56 of 3rd period - Cory Conacher is hit by Adam Brooks and loses puck.
13:17 of 3rd period - Slapshot by Henri Jokiharju.
13:17 of 3rd period - Shot Misses the Net.
13:19 of 3rd period - Backhand shot by Valeri Nichushkin.
13:19 of 3rd period - Deflect By Jordan Weal.
13:19 of 3rd period - Shot Misses the Net.
13:19 of 3rd period - Puck is out of play.
13:20 of 3rd period - Teddy Blueger wins face-off versus Jordan Weal in Hershey Bears zone.
13:29 of 3rd period - Chris Breen is hit by Igor Ozhiganov and loses puck.
13:49 of 3rd period - Snap shot by Jordan Weal.
13:49 of 3rd period - Shot Misses the Net.
13:51 of 3rd period - Slapshot by Chris Breen.
13:51 of 3rd period - Stopped by Devin Williams without a rebound.
13:52 of 3rd period - David Ullstrom wins face-off versus Boo Nieves in Hershey Bears zone.
13:53 of 3rd period - Wrist shot by Alexander Nylander.
13:53 of 3rd period - Stopped by Devin Williams without a rebound.
13:54 of 3rd period - David Ullstrom wins face-off versus Boo Nieves in Hershey Bears zone.
14:01 of 3rd period - Off-side.
14:02 of 3rd period - Jayce Hawryluk wins face-off versus Boo Nieves in neutral zone.
14:15 of 3rd period - Slapshot by Boo Nieves.
14:15 of 3rd period - Stopped by Parker Milner without a rebound.
14:16 of 3rd period - Brett Howden wins face-off versus Valeri Nichushkin in Laval Rockets zone.
14:19 of 3rd period - Snap shot by Brett Howden.
14:19 of 3rd period - Goal by Brett Howden - Hershey Bears : 2 - Laval Rockets : 2.
14:20 of 3rd period - Valeri Nichushkin wins face-off versus Brett Howden in neutral zone.
14:50 of 3rd period - Snap shot by Alexander Nylander.
14:50 of 3rd period - Shot Misses the Net.
14:52 of 3rd period - Slapshot by Chris Butler.
14:52 of 3rd period - Deflect By Alexander Nylander.
14:52 of 3rd period - Shot Blocked by Dalton Prout.
14:52 of 3rd period - Puck is out of play.
14:53 of 3rd period - Boo Nieves wins face-off versus David Ullstrom in Hershey Bears zone.
14:53 of 3rd period - Boo Nieves is hit by Brendan Guhle.
15:40 of 3rd period - Snap shot by Valeri Nichushkin.
15:40 of 3rd period - Stopped by Devin Williams with a rebound.
16:48 of 3rd period - Wrist shot by Adam Brooks.
16:48 of 3rd period - Stopped by Devin Williams without a rebound.
16:49 of 3rd period - Jordan Weal wins face-off versus Brett Howden in Hershey Bears zone.
16:56 of 3rd period - Teddy Blueger is hit by Valeri Nichushkin and loses puck.
17:03 of 3rd period - Tomas Nosek is hit by Teddy Blueger and loses puck.
17:43 of 3rd period - Snap shot by Henri Jokiharju.
17:43 of 3rd period - Shot Misses the Net.
17:45 of 3rd period - Snap shot by Alexander Nylander.
17:45 of 3rd period - Shot Misses the Net.
17:55 of 3rd period - Slapshot by Cory Conacher.
17:55 of 3rd period - Stopped by Parker Milner without a rebound.
17:56 of 3rd period - Jordan Weal wins face-off versus Colby Cave in Laval Rockets zone.
17:56 of 3rd period - Jordan Weal is hit by Teddy Blueger.
18:01 of 3rd period - Off-side.
18:02 of 3rd period - Adam Brooks wins face-off versus Brett Howden in neutral zone.
18:05 of 3rd period - Snap shot by Jayden Halbgewachs.
18:05 of 3rd period - Stopped by Devin Williams with a rebound.
18:13 of 3rd period - Backhand shot by Adam Brooks.
18:13 of 3rd period - Shot Misses the Net.
18:15 of 3rd period - Snap shot by Chris Breen.
18:15 of 3rd period - Shot Misses the Net.
18:17 of 3rd period - Wrist shot by Adam Brooks.
18:17 of 3rd period - Deflect By Jayden Halbgewachs.
18:17 of 3rd period - Stopped by Devin Williams without a rebound.
18:18 of 3rd period - Jordan Weal wins face-off versus Nicolas Roy in Hershey Bears zone.
18:27 of 3rd period - Slapshot by Jordan Weal.
18:27 of 3rd period - Stopped by Devin Williams with a rebound.
18:29 of 3rd period - Slapshot by Tomas Nosek.
18:29 of 3rd period - Shot Misses the Net.
18:31 of 3rd period - Slapshot by Valeri Nichushkin.
18:31 of 3rd period - Stopped by Devin Williams without a rebound.
18:32 of 3rd period - Jayden Halbgewachs wins face-off versus Nicolas Roy in Hershey Bears zone.
18:34 of 3rd period - Minor Penalty to Travis St. Denis for Roughing.
18:35 of 3rd period - Alexander Nylander wins face-off versus Ross Colton in Hershey Bears zone.
18:35 of 3rd period - Slapshot by Jordan Weal.
18:35 of 3rd period - Shot Misses the Net.
19:02 of 3rd period - Icing by Jayce Hawryluk.
19:03 of 3rd period - Ross Colton wins face-off versus David Ullstrom in Laval Rockets zone.
Goals for this period are 1 for Hershey Bears vs 1 for Laval Rockets.
Shots for this period are 10 for Hershey Bears vs 16 for Laval Rockets.

Overtime #1


0:01 of 1st overtime period - Tomas Nosek wins face-off versus Cory Conacher in neutral zone.
0:34 of 1st overtime period - Penalty to Travis St. Denis is over, Travis St. Denis is back on ice.
0:52 of 1st overtime period - Wrist shot by Brett Howden.
0:52 of 1st overtime period - Shot Misses the Net.
0:54 of 1st overtime period - Snap shot by Nick DeSimone.
0:54 of 1st overtime period - Stopped by Parker Milner without a rebound.
0:55 of 1st overtime period - Tomas Nosek wins face-off versus Brett Howden in Laval Rockets zone.
1:18 of 1st overtime period - Rasmus Asplund is hit by Brett Howden and loses puck.
1:27 of 1st overtime period - Slapshot by David Ullstrom.
1:27 of 1st overtime period - Shot Misses the Net.
1:51 of 1st overtime period - Snap shot by Alexander Nylander.
1:51 of 1st overtime period - Shot Misses the Net.
1:53 of 1st overtime period - Slapshot by Chris Butler.
1:53 of 1st overtime period - Stopped by Devin Williams without a rebound.
1:54 of 1st overtime period - Tomas Nosek wins face-off versus Brett Howden in Hershey Bears zone.
2:29 of 1st overtime period - Wrist shot by Alexander Nylander.
2:29 of 1st overtime period - Stopped by Devin Williams without a rebound.
2:30 of 1st overtime period - Brett Howden wins face-off versus Alexander Nylander in Hershey Bears zone.
2:43 of 1st overtime period - Slapshot by Alexander Nylander.
2:43 of 1st overtime period - Stopped by Devin Williams with a rebound.
3:38 of 1st overtime period - Wrist shot by Colby Cave.
3:38 of 1st overtime period - Stopped by Parker Milner without a rebound.
3:39 of 1st overtime period - Marian Studenic wins face-off versus Tomas Nosek in Laval Rockets zone.
3:40 of 1st overtime period - Snap shot by Colby Cave.
3:40 of 1st overtime period - Stopped by Parker Milner with a rebound.
3:42 of 1st overtime period - Wrist shot by Colby Sissons.
3:42 of 1st overtime period - Deflect By Colby Cave.
3:42 of 1st overtime period - Shot Misses the Net.
3:42 of 1st overtime period - Puck is out of play.
3:43 of 1st overtime period - Tomas Nosek wins face-off versus Brett Howden in Laval Rockets zone.
3:52 of 1st overtime period - Wrist shot by Tomas Nosek.
3:52 of 1st overtime period - Stopped by Devin Williams with a rebound.
4:39 of 1st overtime period - Snap shot by Alexander Nylander.
4:39 of 1st overtime period - Deflect By Valeri Nichushkin.
4:39 of 1st overtime period - Stopped by Devin Williams with a rebound.
4:41 of 1st overtime period - Slapshot by Brendan Guhle.
4:41 of 1st overtime period - Stopped by Devin Williams with a rebound.
Goals for this period are 0 for Hershey Bears vs 0 for Laval Rockets.
Shots for this period are 3 for Hershey Bears vs 6 for Laval Rockets.

ShootOut


5:00 of 1st overtime period - Round #1.
5:00 of 1st overtime period - Hershey Bears, Colby Cave.
5:00 of 1st overtime period - Snap shot by Colby Cave.
5:00 of 1st overtime period - Goal by Colby Cave.
5:00 of 1st overtime period - Laval Rockets, Casey Nelson.
5:00 of 1st overtime period - Backhand shot by Casey Nelson.
5:00 of 1st overtime period - Stopped by Devin Williams.
5:00 of 1st overtime period - Round #2.
5:00 of 1st overtime period - Hershey Bears, Brendan Gaunce.
5:00 of 1st overtime period - Backhand shot by Brendan Gaunce.
5:00 of 1st overtime period - Shot Misses the Net.
5:00 of 1st overtime period - Laval Rockets, Tomas Nosek.
5:00 of 1st overtime period - Deke by Tomas Nosek.
5:00 of 1st overtime period - Stopped by Devin Williams.
5:00 of 1st overtime period - Round #3.
5:00 of 1st overtime period - Hershey Bears, Cory Conacher.
5:00 of 1st overtime period - Wrist shot by Cory Conacher.
5:00 of 1st overtime period - Goal by Cory Conacher.